 Dungeon Crawl Stone Soup version 0.27-a0-1048-g7ee7857c10 (webtiles) character file.

Game seed: 6292725130774155831

59630 Morbidden the Grappler (level 14, -2/140 HPs)
             Began as a Troll Monk on Apr 20, 2021.
             Was a High Priest of Cheibriados.
             Slain by a fire bat (7 damage)
             ... in a volcano.
             The game lasted 00:39:23 (15001 turns).

Morbidden the Grappler (Troll Monk)                Turns: 15001, Time: 00:39:24

Health: -2/140     AC:  6    Str: 36    XL:     14   Next: 53%
Magic:  20/21      EV: 15    Int: 24    God:    Cheibriados [*****.]
Gold:   840        SH:  0    Dex: 26    Spells: 17/24 levels left

rFire    . . .     SeeInvis .     - Unarmed
rCold    . . .     Faith    .   (no shield)
rNeg     . . .     Spirit   .   K - +2 robe of Vines {NoPotionHeal Regen+++}
rPois    .         Reflect  .   (helmet restricted)
rElec    +         Harm     .   (no cloak)
rCorr    +         Rampage  .   (gloves unavailable)
Will     +....                  (boots unavailable)
Stlth    +++.......             N - amulet of Efrywkap {RegenMP rElec rCorr}
HPRegen  4.33/turn              e - ring of wizardry
MPRegen  0.42/turn              H - ring of wizardry

@: marked, very slow
A: large, unfitting armour, claws 3, regeneration 1, shaggy fur 1, tough skin 1
a: Renounce Religion, Bend Time, Temporal Distortion, Slouch, Step From Time


You were in a volcano.
You worshipped Cheibriados.
Cheibriados was extremely pleased with you.
You visited 3 branches of the dungeon, and saw 16 of its levels.
You also visited: Ossuary, Gauntlet and Volcano.

You collected 982 gold pieces.
You spent 142 gold pieces at shops.

Inventory:

Hand Weapons
 b - a +1 hunting sling of venom
 W - a +2 arbalest of flaming
Missiles
 d - 355 stones
 f - 52 poisoned darts
 x - 24 boomerangs (quivered)
 y - 15 javelins
 A - 49 sling bullets
 C - 15 large rocks
 D - 4 throwing nets
 P - 2 curare-tipped darts
Armour
 K - the +2 robe of Vines (worn) {NoPotionHeal Regen+++}
   (You took it off an orc wizard on level 10 of the Dungeon)

   It increases your rate of health regeneration.
Magical Staves
 O - a staff of conjuration
Jewellery
 e - a ring of wizardry (left claw)
 u - a ring of positive energy
 B - a ring of flight
 G - a +6 ring of dexterity
 H - a ring of wizardry (right claw)
 J - a ring of see invisible
 N - the amulet of Efrywkap (around neck) {RegenMP rElec rCorr}
   (You found it in a Gauntlet)

   [amulet of magic regeneration]

   It increases your rate of magic regeneration.
   It insulates you from electricity.
   It protects you from acid and corrosion.
 X - a ring of protection from cold
Wands
 o - a wand of iceblast (7)
 r - a wand of flame (42)
 s - a wand of paralysis (1)
 F - a wand of charming (8)
 Q - a wand of polymorph (14)
 R - a wand of mindburst (8)
 U - a wand of acid (11)
Scrolls
 a - 3 scrolls of immolation
 g - 3 scrolls of teleportation
 h - 4 scrolls of identify
 k - 4 scrolls of enchant armour
 l - a scroll of blinking
 p - 6 scrolls of noise
 I - a scroll of magic mapping
 L - a scroll of silence
 T - 2 scrolls of enchant weapon
 V - a scroll of brand weapon
Potions
 c - 4 potions of might
 i - a potion of resistance
 j - 3 potions of magic
 m - a potion of degeneration
 q - 3 potions of ambrosia
 t - 4 potions of curing
 v - 3 potions of heal wounds
 w - 2 potions of attraction
 z - a potion of mutation
 E - 5 potions of brilliance
 M - a potion of cancellation
Miscellaneous
 n - a box of beasts (inert)
 S - a condenser vane (inert)


   Skills:
 * Level 9.0 Fighting
 + Level 4.3(4.9) Slings
 + Level 4.6(6.0) Throwing
 * Level 7.0 Dodging
 + Level 2.3 Stealth
 * Level 11.5 Unarmed Combat
 * Level 5.6 Spellcasting
 * Level 5.1 Transmutations
 * Level 5.7 Air Magic
 * Level 5.4 Invocations
 + Level 1.1 Evocations


You had 17 spell levels left.
You knew the following spells:

 Your Spells              Type           Power      Damage    Failure   Level
a - Airstrike             Air            17%        N/A       2%          4
b - Beastly Appendage     Tmut           62%        N/A       1%          1
z - Static Discharge      Conj/Air       20%        N/A       1%          2

Your spell library contained the following spells:

 Spells                   Type           Power      Damage    Failure   Level
 Shock                    Conj/Air       80%        1d8       1%          1
 Wereblood                Tmut           31%        N/A       1%          2
 Swiftness                Air            34%        N/A       1%          3
 Animate Skeleton         Necr           12%        N/A       2%          1
 Corona                   Hex            6%         N/A       2%          1
 Foxfire                  Conj/Fire      24%        2x1d5     2%          1
 Summon Small Mammal      Summ           24%        N/A       2%          1
 Spider Form              Tmut/Pois      9%         N/A       2%          3
 Call Imp                 Summ           6%         N/A       3%          2
 Call Canine Familiar     Summ           6%         N/A       7%          3
 Summon Guardian Golem    Hex/Summ       6%         N/A       7%          3
 Vampiric Draining        Necr           3%         2d6       7%          3
 Summon Lightning Spire   Summ/Air       20%        N/A       7%          4
 Hydra Form               Tmut           15%        N/A       7%          5
 Ice Form                 Ice/Tmut       19%        N/A       8%          4
 Lightning Bolt           Conj/Air       10%        1d23      17%         5
 Silence                  Hex/Air        10%        N/A       17%         5
 Cause Fear               Hex            3%         N/A       21%         4
 Summon Ice Beast         Ice/Summ       6%         N/A       21%         4
 Yara's Violent Unravell  Hex/Tmut       9%         3d6       21%         5
 Metabolic Englaciation   Hex/Ice        3%         N/A       50%         5
 Dragon Form              Tmut           15%        N/A       87%         7
 Discord                  Hex            3%         N/A       100%        8
 Dragon's Call            Summ           3%         N/A       100%        9


Dungeon Overview and Level Annotations

Branches:
Dungeon (13/15)            Temple (1/1) D:5            Lair (2/6) D:11
    Orc (0/2) D:11         Vaults (0/5) D:13        Ossuary (visited)
Volcano (1/1)             Gauntlet (visited)
  Swamp: Lair:2-4    Shoals: Lair:2-4     Snake: Lair:2-4    Spider: Lair:2-4

Altars:
Ashenzari
Cheibriados
Dithmenos
Elyvilon
Fedhas
Gozag
Hepliaklqana
Kikubaaqudgha
Makhleb
Nemelex Xobeh
Okawaru
Qazlal
Ru
Sif Muna
Trog
Uskayaw
Vehumet
Wu Jian
Xom
Yredelemnul
Zin
The Shining One

Shops:
D:6 :   D:9 ?([(   D:10 *   D:11 ((=?!


Innate Abilities, Weirdness & Mutations

You are too large for most types of armour.
You have claws for hands.
Your natural rate of healing is unusually fast.
You are covered in fur. (AC +1)
You have tough skin. (AC +1)


Message History

Unknown command.
Aiming: Corrosive Bolt
Press: ? - help, Shift-Dir - straight line, f - salamander
Aim: a salamander, wielding a +0 halberd and wearing a +2 plate armour of fire resistance (unusually resistant, 94% to hit)
The bolt of acid misses the fire bat.
The bolt of acid hits the salamander.
The salamander is lightly wounded.
The fire bat bites you but does no damage. x3
The fire bat barely misses you. The fire bat closely misses you. x2
The salamander hits you from afar with a +0 halberd!!
* * * LOW HITPOINT WARNING * * *
You are engulfed in flames!
* * * LOW HITPOINT WARNING * * *
Unknown command.
Unknown command.
Unknown command.
Unknown command.
Unknown command.
Blink to where?
Press: ? - help, Dir - move target, p - salamander
As you read the scroll of blinking, it crumbles to dust.
A two-headed ogre comes into view.
It is wielding a +0 giant club of flaming and a +2 great mace of flaming.
A centaur comes into view.
It is wielding a +2 shortbow of flaming.
The fire bat bites you.
* * * LOW HITPOINT WARNING * * *
You are engulfed in flames.
* * * LOW HITPOINT WARNING * * *
Unknown command.
Unknown command.
Unknown command.
Unknown command.
Unknown command.
Unknown command.
Okay, then.
Okay, then.
Okay, then.
You fail to use your ability.
The fire bat barely misses you. The fire bat bites you.
* * * LOW HITPOINT WARNING * * *
You are engulfed in flames!
You die...

#..≈≈≈≈≈≈ #.≈≈≈≈≈≈≈
##..≈≈≈≈≈≈ ≈#§§≈≈≈§..#
##..≈≈≈≈≈≈≈ #≈#§≈§.≈..
N..≈≈≈≈≈≈≈
≈≈≈≈≈≈≈...####...≈≈≈≈≈≈
#≈≈≈≈≈≈§.##..##N≈≈≈≈≈≈≈
#§≈≈≈≈≈.#.!)§#c≈≈≈≈≈≈≈
#§#≈≈≈.≈.#@b!.NO≈≈≈≈≈≈≈
§≈≈≈≈≈§≈.#.b..#.≈≈≈≈≈≈≈
≈≈≈≈§≈..##[.##.≈.≈≈≈≈≈
≈§≈≈≈≈≈§..####...≈≈≈≈≈≈
≈≈#≈≈≈≈≈..........≈≈≈≈≈
≈≈≈≈§≈§§........≈≈≈≈≈≈≈
°≈≈≈≈≈≈§######.#≈≈≈≈≈≈≈
≈≈§≈≈≈≈≈≈##..'##≈≈≈≈≈≈≈
#≈#≈≈≈≈≈≈#.#### ≈≈≈≈≈≈≈


You could see a salamander (resistant), a two-headed ogre, 2 fire bats and a
centaur.

Vanquished Creatures
  A minotaur (Gauntlet)
  A hydra (D:10)
  Harold (D:8)
  2 catoblepae
  3 boulder beetles
  A catoblepas (shapeshifter) (D:10)
  A two-headed ogre (D:10)
  2 centaur warriors
  A lindwurm (Lair:2)
  3 cyclopes
  4 ugly things
  11 elephants (Lair:2)
  2 black mambas (Lair:2)
  An apocalypse crab (Gauntlet)
  An eye of devastation (Gauntlet)
  Psyche (D:9)
  3 cane toads
  2 unseen horrors
  2 kobold demonologists (D:11)
  5 komodo dragons
  A tengu conjurer (D:10)
  2 trolls (D:10)
  3 slime creatures (D:12)
  6 blink frogs
  A shadow (D:10)
  A ynoxinul (Gauntlet)
  5 wyverns
  11 yaks
  2 fire bats (Volcano)
  A wraith (D:10)
  3 basilisks
  2 steam dragons
  11 vampire mosquitoes
  3 acid dragons
  A floating eye (Gauntlet)
  13 water moccasins
  A sky beast (D:6)
  A hornet zombie (D:7)
  10 orc warriors
  A black bear (D:11)
  2 ogres
  An ice beast (D:8)
  2 necrophages (D:9)
  16 wolves
  10 centaurs
  3 kobold brigands
  An elf zombie (Ossuary)
  9 bullfrogs
  A scorpion (D:11)
  A water moccasin zombie (D:7)
  A water moccasin skeleton (D:6)
  12 killer bees
  7 wights
  8 howler monkeys
  7 centaur zombies
  A bullfrog zombie (D:5)
  3 iron imps (Gauntlet)
  4 hounds
  3 jellies (D:5)
  5 orc priests
  5 human zombies (Ossuary)
  2 bullfrog skeletons
  4 iguanas
  15 orc wizards
  4 mummies
  4 howler monkey zombies
  6 gnolls (D:2)
  5 adders
  A white imp (D:7)
  An ufetubus (D:7)
  3 adder zombies (Ossuary)
  An adder skeleton (D:4)
  3 dart slugs
  48 orcs
  4 endoplasms
  3 giant cockroaches
  6 goblins
  7 hobgoblins
  9 jackals
  3 quokkas
  7 ball pythons
  3 bats
  5 frilled lizards
  A gnoll zombie (Ossuary)
  2 goblin zombies (Ossuary)
  3 hobgoblin zombies (Ossuary)
  3 jackal zombies (Ossuary)
  26 kobolds
  2 kobold zombies (Ossuary)
  4 orc zombies (Ossuary)
  5 quokka zombies (Ossuary)
  4 rats
  4 rat zombies (Ossuary)
427 creatures vanquished.

Vanquished Creatures (collateral kills)
  2 hornets (D:9)
  A wight (D:9)
3 creatures vanquished.

Vanquished Creatures (others)
  An ice beast (D:6)
  A centaur (Volcano)
  A bush (D:11)
  11 fungi
  47 plants
  3 withered plants (D:9)
64 creatures vanquished.

Grand Total: 494 creatures vanquished

Notes
Turn   | Place    | Note
-------+----------+-------------------------------------------
     0 | D:1      | Morbidden the Troll Monk began the quest for the Orb.
     0 | D:1      | Reached XP level 1. HP: 22/22 MP: 0/0
   160 | D:1      | Reached XP level 2. HP: 29/29 MP: 1/1
   898 | D:1      | Reached XP level 3. HP: 36/36 MP: 2/2
  1106 | D:2      | Found a faded altar of an unknown god.
  1224 | D:2      | Reached skill level 4 in Unarmed Combat
  1234 | D:2      | Reached XP level 4. HP: 29/45 MP: 3/3
  2017 | D:3      | Learned a level 1 spell: Beastly Appendage
  2222 | D:3      | Reached XP level 5. HP: 53/53 MP: 4/4
  2582 | D:4      | Noticed an ogre
  2642 | D:4      | Killed an ogre
  2643 | D:4      | Reached skill level 1 in Throwing
  2643 | D:4      | Reached skill level 5 in Unarmed Combat
  2671 | D:4      | Found a blossoming altar of Fedhas.
  2672 | D:4      | Found a stormy altar of Qazlal.
  2857 | D:4      | Reached XP level 6. HP: 61/61 MP: 5/5
  2893 | D:4      | Reached skill level 1 in Transmutations
  3374 | D:5      | Entered Level 5 of the Dungeon
  3454 | D:5      | Found a staircase to the Ecumenical Temple.
  3470 | D:5      | Reached skill level 1 in Spellcasting
  3470 | D:5      | Reached XP level 7. HP: 55/60 MP: 7/7
  3477 | Temple   | Entered the Ecumenical Temple
  4092 | D:5      | Reached skill level 6 in Unarmed Combat
  4367 | D:6      | Found a hazy altar of Hepliaklqana.
  4419 | D:6      | Learned a level 4 spell: Airstrike
  4598 | D:6      | Found Dishrol's Book Shop.
  4700 | D:6      | Reached XP level 8. HP: 26/78 MP: 8/8
  4938 | D:6      | Reached skill level 1 in Slings
  5103 | D:6      | Found a radiant altar of Vehumet.
  5707 | D:7      | Reached skill level 1 in Air Magic
  5773 | D:7      | Reached skill level 7 in Unarmed Combat
  5852 | D:7      | You fall into a shaft and drop 2 floors!
  5852 | D:9      | Found Cogossezi's Magic Scroll Emporium.
  5863 | D:9      | Reached XP level 9. HP: 82/85 MP: 9/11
  6063 | D:9      | Found Raefaw's Armour Shoppe.
  6138 | D:9      | Noticed Psyche
  6171 | D:9      | Killed Psyche
  6172 | D:9      | Reached skill level 5 in Fighting
  6256 | D:9      | Found Zogh's Antique Weapon Shop.
  6411 | D:9      | Found Vaxakih's Weapon Shoppe.
  6631 | D:8      | Found a sparkling altar of Nemelex Xobeh.
  6703 | D:8      | Found a snail-covered altar of Cheibriados.
  6710 | D:8      | Became a worshipper of Cheibriados the Contemplative
  6710 | D:8      | Reached * piety under Cheibriados
  6710 | D:8      | Reached ** piety under Cheibriados
  6741 | D:8      | Found a sand-covered staircase.
  6750 | Ossuary  | Entered an ossuary
  6909 | Ossuary  | Reached *** piety under Cheibriados
  7042 | Ossuary  | Reached skill level 8 in Unarmed Combat
  7042 | Ossuary  | Reached XP level 10. HP: 95/96 MP: 12/12
  7109 | D:8      | Noticed Harold
  7132 | D:8      | Killed Harold
  7248 | D:8      | Reached skill level 1 in Invocations
  7409 | D:8      | Reached **** piety under Cheibriados
  8388 | D:10     | Entered Level 10 of the Dungeon
  8415 | D:10     | Reached skill level 5 in Dodging
  8562 | D:10     | Noticed a boulder beetle
  8578 | D:10     | Killed a boulder beetle
  8597 | D:10     | Noticed a red ugly thing
  8625 | D:10     | Killed a red ugly thing
  8626 | D:10     | Reached skill level 9 in Unarmed Combat
  8756 | D:10     | Noticed a cyclops
  8758 | D:10     | Noticed a four-headed hydra
  8960 | D:10     | Noticed a two-headed ogre
  8973 | D:10     | Killed a two-headed ogre
  8974 | D:10     | Reached XP level 11. HP: 71/105 MP: 14/14
  8998 | D:10     | Noticed a white ugly thing
  9012 | D:10     | Killed a white ugly thing
  9102 | D:10     | Noticed a shock serpent
  9109 | D:10     | a shock serpent changed into a wind drake
  9236 | D:10     | Found Dafenakk's Assorted Antiques.
  9278 | D:10     | Found an opulent altar of Gozag.
  9348 | D:10     | Killed a four-headed hydra
  9348 | D:10     | Reached ***** piety under Cheibriados
  9369 | D:10     | Noticed a centaur warrior
  9411 | D:10     | Killed a centaur warrior
  9484 | D:10     | Noticed a boulder beetle
  9509 | D:10     | Killed a boulder beetle
  9645 | D:10     | Noticed a boulder beetle
  9651 | D:10     | Noticed an ice dragon
  9651 | D:10     | a boulder beetle changed into an ice dragon
  9652 | D:10     | Noticed a catoblepas
  9652 | D:10     | an ice dragon changed into a catoblepas
  9662 | D:10     | Killed a catoblepas
  9837 | D:11     | Found Jijafoys's Jewellery Emporium.
  9862 | D:11     | Found Debb's Distillery.
  9863 | D:11     | Found Seneduzel's Weapon Emporium.
  9871 | D:11     | Reached skill level 10 in Unarmed Combat
  9920 | D:11     | Found Deat's Magic Scroll Emporium.
  9923 | D:11     | Bought a scroll of magic mapping for 45 gold pieces
  9923 | D:11     | Bought a scroll of silence for 97 gold pieces
  9990 | D:11     | Found a gate leading to a gauntlet.
  9994 | Gauntlet | Entered a Gauntlet
  9994 | Gauntlet | Found a transporter.
  9994 | Gauntlet | Found a transporter.
  9998 | Gauntlet | Found a transporter.
 10000 | Gauntlet | Found a transporter.
 10001 | Gauntlet | Noticed a sixfirhy
 10005 | Gauntlet | Found a transporter.
 10010 | Gauntlet | Noticed a tengu warrior
 10012 | Gauntlet | Found a transporter.
 10022 | Gauntlet | Found a transporter.
 10022 | Gauntlet | Found a transporter.
 10026 | Gauntlet | Found a transporter.
 10032 | Gauntlet | Found a transporter.
 10058 | Gauntlet | Found a transporter.
 10078 | Gauntlet | Found a transporter.
 10112 | Gauntlet | Found a transporter.
 10126 | Gauntlet | Found a transporter.
 10227 | Gauntlet | Found a transporter.
 10234 | Gauntlet | Noticed an oklob plant
 10253 | Gauntlet | Found a transporter.
 10446 | Gauntlet | Reached skill level 1 in Evocations
 10499 | Gauntlet | Identified the amulet of Efrywkap {RegenMP rElec rCorr}
 10560 | Gauntlet | Identified the +2 pair of boots of the Valley of Death {Fly
                  | rN+ Dex-4 Stlth+}
 10571 | Gauntlet | Noticed a minotaur
 10578 | Gauntlet | Killed a minotaur
 10601 | Gauntlet | Identified the +2 leather armour of Hairy New Discoveries
                  | {rElec}
 10601 | Gauntlet | Identified the Catalogue of Darkness and the Oath
 10688 | D:11     | Reached XP level 12. HP: 111/114 MP: 0/16
 10885 | D:11     | Found a staircase to the Orcish Mines.
 10906 | D:11     | Found Jaulumuk's Weapon Boutique.
 11420 | D:11     | Found a staircase to the Lair.
 12164 | D:12     | Found a blossoming altar of Fedhas.
 12537 | D:12     | Reached ****** piety under Cheibriados
 12810 | D:13     | Noticed a catoblepas
 12818 | D:13     | Killed a catoblepas
 12842 | D:13     | Identified the +0 robe of Devotion {-Tele rPois Str+3
                  | Stlth+}
 12918 | D:13     | Noticed a centaur warrior
 12931 | D:13     | Killed a centaur warrior
 13083 | D:13     | Noticed a boulder beetle
 13097 | D:13     | Killed a boulder beetle
 13379 | D:13     | Found a gate to the Vaults.
 13379 | D:13     | Noticed a vault guard
 13379 | D:13     | Noticed a centaur warrior
 13379 | D:13     | Noticed a vault guard
 13379 | D:13     | Noticed a vault guard
 13379 | D:13     | Noticed a vault guard
 13379 | D:13     | Noticed a boulder beetle
 13404 | D:13     | Reached skill level 5 in Spellcasting
 13429 | D:13     | Noticed a death knight
 13568 | Lair:1   | Entered Level 1 of the Lair of Beasts
 13694 | Lair:1   | Reached skill level 5 in Air Magic
 13828 | Lair:1   | Reached skill level 5 in Transmutations
 13834 | Lair:1   | Reached XP level 13. HP: 102/123 MP: 19/19
 14075 | Lair:1   | Reached skill level 11 in Unarmed Combat
 14358 | Lair:1   | Learned a level 2 spell: Static Discharge
 14815 | Lair:2   | Reached skill level 5 in Invocations
 14909 | Lair:2   | Found a dark tunnel.
 14918 | Volcano  | Entered a volcano
 14940 | Volcano  | Reached XP level 14. HP: 128/140 MP: 21/21
 15000 | Volcano  | HP: 3/140 [fire bat (6)]
 15001 | Volcano  | Slain by a fire bat

Illustrated notes

Levels and vault maps discovered:
D:1:      nzn_arrival_depleted_hourglass, layout_loops_corners,
          chequers_serial_rivers_micro_d
D:2:      layout_rooms, shapermc_ecumenical_altar_starsandcircs
D:3:      layout_basic
D:4:      layout_rooms, grunt_temple_overflow_forces_of_nature,
          chequers_serial_rivers_micro_c, st_stairs_10, serial_bayou_pond_e
D:5:      layout_loops_cross, minmay_temple_entry_water_ring, minmay_misc_feat_x
D:6:      layout_basic, nicolae_hepliaklqana_hazy_memory, fiery_altar_vehumet,
          serial_shops, shop_statue
D:7:      layout_rooms
D:8:      layout_loops_ring, cheibriados_altar_1, lemuel_tele_altar,
          enter_ossuary_1, uniq_harold
D:9:      layout_rooms, serial_shops, nicolae_shop_competitors_out_of_business,
          shop, nicolae_shop_crystal, shop, serial_undead, serial_undead_c,
          serial_undead_e, serial_undead_d, serial_undead_f, serial_undead_e,
          serial_undead_f, serial_undead_a, uniq_psyche
D:10:     minmay_the_grid_triangle_9x9_rhombus_thin_mashed
          [minmay_the_grid_triangle_9x9_dagger,
          minmay_the_grid_triangle_9x9_prize_top_heavy,
          minmay_the_grid_triangle_9x9_descending_squares,
          minmay_the_grid_triangle_9x9_checkered], layout_irregular_city,
          nicolae_gozag_cash_rules_everything_around_me, serial_shops, shop
D:11:     layout_basic, minmay_lair_entry_grove, orc_david_3, serial_shops,
          shop, nicolae_shop_statue_plus, shop, shop, gauntlet_entry_generic
D:12:     layout_basic, serial_glass, glass_columns_a, glass_columns_a,
          fedhas_altar_3
D:13:     layout_basic, lightli_vaults_fourway_checkpoint
Temple:   regret_index_temple_waves
Lair:1:   layout_cave_pods, beast_lair_carwin_7
Lair:2:   regret_index_combs_of_tragedy, layout_hall_layers,
          nicolae_volcano_entry_vermiform
Volcano:  volcano_village

Skill      XL: |  1  2  3  4  5  6  7  8  9 10 11 12 13 |
---------------+----------------------------------------+-----
Unarmed Combat | 4 5 6 7 8 9 10 11 | 11.5
Fighting       | 3 4 5 6 9 |  9.0
Throwing       | 1 2 4 |  4.6
Dodging        | 3 4 5 6 7 |  7.0
Transmutations | 1 2 3 4 5 |  5.1
Spellcasting   | 1 2 3 5 |  5.6
Slings         | 2 3 4 |  4.3
Air Magic      | 1 2 3 5 |  5.7
Invocations    | 2 3 4 5 |  5.4
Stealth        | 2 |  2.3
Evocations     | 1 |  1.1

Action                   |  1- 3 |  4- 6 |  7- 9 | 10-12 | 13-15 || total
-------------------------+-------+-------+-------+-------+-------++-------
Melee: Unarmed           |    95 |   137 |   275 |   389 |   120 ||  1016
       Punch             |     2 |       |     6 |    40 |    14 ||    62
       Kick              |       |       |       |     4 |       ||     4
       Headbutt          |       |       |       |     3 |       ||     3
 Fire: Hunting sling     |       |       |   165 |    34 |       ||   199
Throw: Stone             |    28 |    37 |    16 |    18 |       ||    99
       Dart              |       |    50 |       |    59 |       ||   109
       Boomerang         |       |       |     1 |    48 |     7 ||    56
       Large rock        |       |       |       |     6 |       ||     6
 Cast: Beastly Appendage |       |       |       |     2 |       ||     2
       Airstrike         |       |       |       |    85 |    17 ||   102
       Static Discharge  |       |       |       |       |     2 ||     2
Invok: Slouch            |       |       |       |       |     4 ||     4
Evoke: Wand              |       |       |     8 |    15 |     2 ||    25
       Condenser vane    |       |       |       |     1 |       ||     1
       Box of beasts     |       |       |       |       |     1 ||     1
  Use: Scroll            |       |     3 |     8 |    16 |     6 ||    33
       Potion            |       |       |     4 |     4 |     2 ||    10
 Stab: Sleeping          |     1 |       |     1 |     2 |     2 ||     6
       Distracted        |       |       |     1 |     1 |       ||     2
       Paralysed         |       |       |       |     4 |     3 ||     7
Armor: Robe              |    31 |    38 |    67 |    56 |    43 ||   235
       Steam dragon scal |       |       |    42 |    27 |       ||    69
       Skin              |       |       |     6 |    40 |       ||    46
Dodge: Dodged            |    43 |    62 |   194 |   291 |   119 ||   709

Table legend: (Time is in decaauts)
 A = Elapsed time spent in this place.
 B = Non-inter-level travel time spent in this place.
 C = Inter-level travel time spent in this place.
 D = Time resting spent in this place.
 E = Time spent auto-exploring this place.
 F = Levels seen in this place.
 G = Mean time per level.
                   A        B        C        D        E       F      G
               +--------+--------+--------+--------+--------+-----+--------+
         Total |  19775 |  18687 |   1088 |    961 |  13329 |  19 | 1040.8 |
       Dungeon |  15612 |  14654 |    958 |    961 |  10621 |  13 | 1200.9 |
        Temple |    128 |    100 |     28 |      0 |     99 |   1 |  128.0 |
          Lair |   2290 |   2188 |    102 |      0 |   1744 |   2 | 1145.0 |
       Ossuary |    394 |    394 |      0 |      0 |    240 |   1 |  394.0 |
       Volcano |    137 |    137 |      0 |      0 |     29 |   1 |  137.0 |
      Gauntlet |   1211 |   1211 |      0 |      0 |    594 |   1 | 1211.0 |
               +--------+--------+--------+--------+--------+-----+--------+

Top non-repeatable levels by time:
    D:11: 2368 daAuts
  Lair:1: 2064 daAuts
    D:10: 1797 daAuts
     D:8: 1712 daAuts
    D:12: 1549 daAuts
     D:6: 1224 daAuts
Gauntlet: 1211 daAuts
    D:13: 1164 daAuts
     D:1: 1055 daAuts
     D:3: 1028 daAuts
     D:9: 850 daAuts
     D:5: 789 daAuts
     D:4: 772 daAuts
     D:7: 719 daAuts
     D:2: 579 daAuts
